 Dungeon Sprint DCSS version 0.20-a0-871-g785f14b (webtiles) character file.

271955 esc the Unseen (level 12, 46/68 HPs)
             Began as a Spriggan Enchanter on Mar 14, 2017.
             Was the Champion of Wu Jian.
             Escaped with the Orb!
             The game lasted 00:19:40 (2860 turns).

esc the Unseen (Spriggan Enchanter)                 Turns: 2860, Time: 00:19:41

Health: 46/68      AC:  4    Str:  4    XL:     12   Next: 23%
Magic:  28/29      EV: 34    Int: 18    God:    Wu Jian [******]
Gold:   327        SH:  0    Dex: 20    Spells: 16/41 levels left

rFire    + . .     SeeInvis +   n - +1 dagger (distort) {!w}
rCold    + . .     Gourm    .   u - +0 robe "Toawokk" {rF+ Stlth+}
rNeg     . . .     Faith    .   (shield restricted)
rPois    .         Spirit   .   (helmet restricted)
rElec    .         Reflect  .   p - scarf {rC+}
rCorr    .         Harm     .   (gloves unavailable)
MR       ++...     NoTele   +   (boots unavailable)
Stlth    +++.......             (no amulet)
Regen    0.3/turn               (no ring)
MPRegen  0.3/turn               (no ring)

@: slightly contaminated, studying Air Magic, invisible, very quick
A: unfitting armour, molten scales 1, camouflage 1, see invisible, blink,
deterioration 1, herbivore 3, speed 3, low mp 1, slow metabolism 2, no potion
heal 1
0: Orb of Zot
a: Blink, Serpent's Lash, Heaven On Earth, Renounce Religion


You escaped.
You worshipped Wu Jian.
Wu Jian was exalted by your worship.
You were full.

You visited 1 branch You collected 2151 gold pieces.
You spent 1824 gold pieces at shops.

Inventory:

Hand Weapons
 m - a +6 blowgun
   (You took it off Sonja in the Dungeon)
 n - a +1 dagger of distortion (weapon) {!w}
   (You took it off Sonja in the Dungeon)
 z - a +2 dagger of venom
   (You bought it in a shop in the Dungeon)
Missiles
 l - 6 curare-tipped needles (quivered)
Armour
 p - a scarf of cold resistance (worn)
   (You bought it in a shop in the Dungeon)
 u - the +0 robe "Toawokk" (worn) {rF+ Stlth+}
   (You bought it in a shop in the Dungeon)

   It protects you from fire.
   It makes you more stealthy.
Jewellery
 a - the ring "Ogiem" {-Tele rElec rN+++ AC+2}
   (You bought it in a shop in the Dungeon)

   [ring of protection]

   It affects your AC (+2).
   It insulates you from electricity.
   It renders you almost immune to negative energy.
   It prevents most forms of teleportation.
Wands
 v - a wand of paralysis (13/24)
   (You found it in the Dungeon)
 y - a wand of iceblast (6/15)
   (You bought it in a shop in the Dungeon)
Scrolls
 g - a scroll of fog {unknown}
 o - a scroll of amnesia {unknown}
 q - a scroll of recharging {unknown}
 r - 3 scrolls of remove curse {unknown}
Potions
 e - 4 potions of curing
 f - 3 potions of heal wounds
 h - 2 potions of magic
 i - a potion of flight {unknown}
 k - a potion of invisibility
Books
 b - a book of Party Tricks
   (You bought it in a shop in the Dungeon)
 c - a book of Maledictions
 s - a manual of Air Magic {!d}
   (You found it in the Dungeon)
 w - a book of Minor Magic
   (You bought it in a shop in the Dungeon)
Miscellaneous
 t - a sack of spiders


   Skills:
 + Level 10.5 Fighting
 + Level 13.8 Short Blades
 + Level 17.4 Dodging
 + Level 19.0 Stealth
 + Level 15.1 Spellcasting
 + Level 15.3 Hexes
 + Level 8.9 Translocations


You had 16 spell levels left.
You knew the following spells:

 Your Spells              Type           Power        Failure   Level  Hunger
a - Ensorcelled Hibernat  Hex/Ice        #####.       1%          2    None
b - Tukima's Dance        Hex            ######..     1%          3    None
c - Confuse               Hex            ######..     1%          3    None
d - Dazzling Spray        Conj/Hex       #####.       1%          3    None
e - Invisibility          Hex            ######..     1%          6    #####..
f - Lesser Beckoning      Tloc           #####.....   1%          3    None
g - Apportation           Tloc           #####.       1%          1    None
h - Blink                 Tloc           N/A          1%          2    None
v - Corona                Hex            ######.      0%          1    None
B - Summon Butterflies    Summ           ##......     6%          1    None


Dungeon Overview and Level Annotations

Branches:
Dungeon (1/1)

Altars:
Cheibriados
Dithmenos
Elyvilon
Fedhas
Gozag
Hepliaklqana
Kikubaaqudgha
Makhleb
Nemelex Xobeh
Okawaru
Qazlal
Ru
Sif Muna
Trog
Uskayaw
Vehumet
Wu Jian
Xom
Yredelemnul
Zin
The Shining One
Jiyva
Lugonu

Shops:
D %(*%%***[?(?((*[:*[[?

Annotations:
D exclusion: oklob plant, Tiamat


Innate Abilities, Weirdness & Mutations

You are very small and have problems with some larger weapons.
You are too small for most types of armour.
You have supernaturally acute eyesight. (SInv)
You are a herbivore.
You cover ground extremely quickly.
You need consume almost no food.
You are partially covered in molten scales. (AC +2)
Your skin changes colour to match your surroundings (Stealth+).
You can translocate small distances at will.
Your body sometimes deteriorates upon taking damage.
Your magical capacity is low. (-10% MP)
Potions are less effective at restoring your health.


Message History

Where to? (Enter - D @ (x,y), ? - help)
You enter the shallow water.
Moving in this stuff is going to be slow.
There is an open door here.
There is an entrance to Kics's General Store here.
There is an entrance to Jiprarui's Book Boutique here.
w - a book of Minor Magic Thank you for shopping at Jiprarui's Book Boutique!
Memorise Blink, consuming 2 spell levels and leaving 16?
You start memorising the spell.
You continue memorising. x2
You finish memorising.
Spell assigned to 'h'.
Okay, then.
There is an entrance to Kics's General Store here.
There is an open door here.
You enter the shallow water.
Moving in this stuff is going to be slow.
There is an open door here.
There is an open door here.
There is an open door here.
There is an open door here.
Things that are here:
a shortbow; 17 arrows You enter the shallow water.
Moving in this stuff is going to be slow.
There is an open door here.
You enter the shallow water.
Moving in this stuff is going to be slow.
There is an open door here.
There is an open door here.
There is an open door here.
There is a burning altar of Makhleb here.
There is an open door here.
There is an open door, spattered with blood here.
There is an open door here.
There is an open door here.
There is an open door, spattered with blood here.
You open the door.
There is an open door here.
The daeva is too close now for your liking.
(D) Dungeon
Where to? (Enter - D @ (x,y), ? - help)
There is an open door here.
Okay, then.
Unknown command.
Okay, then.
Really read
j - a scroll of blinking {!r}?
Blink to where?
You are very lightly contaminated with residual magic.
As you read the scroll of blinking {!r}, it crumbles to dust.
Okay, then.
Okay, then.
Unknown command.
You fade into invisibility!
You are feeling hungry.
You now have 23/29 mp.
You eat the bread ration {@e1}.
That bread ration really hit the spot!
You pick up the Orb of Zot!
The Orb lets out a hideous shriek!
The lords of Pandemonium are not amused.
Beware!
Now all you have to do is get back out of the dungeon!
You hear a roar!
Something screams, "I shall feast on thy viscera!"
Okay, then.
Unknown command.
You blink.
You now have 21/29 mp.
You close the door.
You blink.
You now have 20/29 mp.
Things that are here:
a great sword of flaming; a hog corpse; 4 chunks of flesh {@w0} Tiamat is nearby!
There is an open door here.
The daeva shouts!
The daeva calls down the wrath of the Shining One upon you.
The Shining One smites you!
You take 12 damage, and have 56/68 hp.
The daeva calls down the wrath of the Shining One upon you.
The Shining One smites you!
You take 15 damage, and have 41/68 hp.
MASSIVE DAMAGE!!
There is an open door here.
There is an open door, spattered with blood here.
There is an open door here.
There is an open door here.
There is an open door, spattered with blood here.
There is an open door here.
You are lightly contaminated with residual magic.
There is a corrupted altar of Lugonu here.
There is a viscous altar of Jiyva here.
There is an open door here.
There is an open door here.
There is an open door here.
There is an open door here.
There is an open door here.
Things that are here:
a dagger; a scale mail
There is a staircase leading out of the dungeon here.
You regained 4 hp, and now have 46/68 hp.
You regained 4 mp, and now have 27/29 mp.
You have escaped!

##################
#@.#..'..#.)'..#__
#..)..#.)'..#..'^.
#..#####'#####'#__
#..####..#...#.###
#..#__####..##.#§§
#..#_____##'#_.'≈§
#⌠⌠#_.∩...'..._#§§
####_..__##_.#'##'
#_____###'#.#)[


There were no monsters in sight!

Vanquished Creatures
  A fire giant (D)
  A hydra (D)
  2 centaur warriors (D)
  Sonja (D)
  A deep troll (D)
  6 unseen horrors (D)
  A lindwurm (D)
  An oklob plant (D)
  6 shining eyes (D)
  A gargoyle (D)
  4 demonic crawlers (D)
  2 kobold demonologists (D)
  A hellwing (D)
  A slime creature (D)
  A hornet (D)
  Sigmund (D)
  2 redbacks (D)
  10 hogs (D)
  A yak (D)
  7 floating eyes (D)
  5 necrophages (D)
  An ogre (D)
  8 jellies (D)
  Ijyb (D)
  3 ballistomycetes (D)
69 creatures vanquished.

Vanquished Creatures (others)
  A deep elf master archer (D)
  A deep elf annihilator (D)
  A mummy priest (D)
  2 shining eyes (D)
  2 merfolk sirens (D)
  4 hornets (D)
  2 hogs (D)
  2 necrophages (D)
  2 ballistomycete spores (D)
17 creatures vanquished.

Grand Total: 86 creatures vanquished

Notes
Turn   | Place    | Note
-------+----------+-------------------------------------------
     0 | D        | esc the Spriggan Enchanter began the quest for the Orb.
     0 | D        | Reached XP level 1. HP: 9/9 MP: 5/5
     1 | D        | Noticed Ijyb
    12 | D        | Killed Ijyb
    12 | D        | Reached skill level 2 in Short Blades
    12 | D        | Reached skill level 4 in Dodging
    12 | D        | Reached skill level 5 in Stealth
    12 | D        | Reached skill level 4 in Spellcasting
    12 | D        | Reached skill level 4 in Hexes
    12 | D        | Reached XP level 2. HP: 13/13 MP: 6/8
    31 | D        | Learned a level 2 spell: Ensorcelled Hibernation
    35 | D        | Noticed an ogre
    38 | D        | Killed an ogre
    38 | D        | Reached skill level 4 in Short Blades
    38 | D        | Reached skill level 6 in Dodging
    38 | D        | Reached skill level 7 in Stealth
    38 | D        | Reached skill level 5 in Spellcasting
    38 | D        | Reached skill level 6 in Hexes
    38 | D        | Reached XP level 3. HP: 16/16 MP: 9/11
    38 | D        | Reached XP level 4. HP: 21/21 MP: 9/12
    51 | D        | Learned a level 3 spell: Confuse
    55 | D        | Learned a level 3 spell: Tukima's Dance
    63 | D        | Noticed Sigmund
    66 | D        | Killed Sigmund
    66 | D        | Reached skill level 2 in Fighting
    66 | D        | Reached skill level 5 in Short Blades
    66 | D        | Reached skill level 8 in Dodging
    66 | D        | Reached skill level 9 in Stealth
    66 | D        | Reached skill level 7 in Spellcasting
    66 | D        | Reached skill level 7 in Hexes
    66 | D        | Reached XP level 5. HP: 27/27 MP: 12/15
    66 | D        | Reached XP level 6. HP: 32/32 MP: 13/17
    95 | D        | Found an ornate altar of the Wu Jian Council.
    95 | D        | Found a deep blue altar of Sif Muna.
    97 | D        | Found a radiant altar of Vehumet.
   101 | D        | Reached skill level 6 in Short Blades
   109 | D        | Became a worshipper of the Wu Jian Council
   136 | D        | Found Wamat's Food Emporium.
   136 | D        | Found an ancient bone altar of Kikubaaqudgha.
   136 | D        | Found a hazy altar of Hepliaklqana.
   136 | D        | Found a stormy altar of Qazlal.
   136 | D        | Found a hide-covered altar of Uskayaw.
   136 | D        | Found a blossoming altar of Fedhas.
   136 | D        | Found a bloodstained altar of Trog.
   136 | D        | Found an iron altar of Okawaru.
   136 | D        | Found a basalt altar of Yredelemnul.
   136 | D        | Found a glowing golden altar of the Shining One.
   136 | D        | Found a snail-covered altar of Cheibriados.
   136 | D        | Found a sacrificial altar of Ru.
   136 | D        | Found a glowing silver altar of Zin.
   136 | D        | Found a shadowy altar of Dithmenos.
   136 | D        | Found a white marble altar of Elyvilon.
   136 | D        | Noticed a yak
   137 | D        | Found an opulent altar of Gozag.
   138 | D        | Killed a yak
   138 | D        | Reached skill level 3 in Fighting
   138 | D        | Reached skill level 9 in Dodging
   138 | D        | Reached skill level 10 in Stealth
   138 | D        | Reached skill level 8 in Hexes
   139 | D        | Found a sparkling altar of Nemelex Xobeh.
   155 | D        | Found a burning altar of Makhleb.
   155 | D        | Found a viscous altar of Jiyva.
   155 | D        | Found a shimmering altar of Xom.
   155 | D        | Found a corrupted altar of Lugonu.
   155 | D        | Noticed a slime creature
   333 | D        | Killed a slime creature
   333 | D        | Reached skill level 4 in Fighting
   333 | D        | Reached skill level 7 in Short Blades
   333 | D        | Reached skill level 11 in Stealth
   333 | D        | Reached skill level 8 in Spellcasting
   333 | D        | Reached XP level 7. HP: 22/37 MP: 3/20
   394 | D        | Killed a hornet
   470 | D        | Noticed a kobold demonologist
   471 | D        | Noticed a kobold demonologist
   473 | D        | Reached * piety under Wu Jian
   473 | D        | Reached skill level 10 in Dodging
   473 | D        | Reached skill level 9 in Hexes
   475 | D        | Killed a kobold demonologist
   475 | D        | Reached skill level 8 in Short Blades
   475 | D        | Reached skill level 9 in Spellcasting
   476 | D        | Killed a kobold demonologist
   476 | D        | Reached skill level 5 in Fighting
   476 | D        | Reached skill level 11 in Dodging
   476 | D        | Reached skill level 12 in Stealth
   476 | D        | Reached XP level 8. HP: 43/43 MP: 20/22
   599 | D        | Learned a level 3 spell: Dazzling Spray
   599 | D        | Noticed Sonja
   603 | D        | Killed Sonja
   603 | D        | Reached ** piety under Wu Jian
   603 | D        | Reached skill level 9 in Short Blades
   603 | D        | Reached skill level 13 in Stealth
   603 | D        | Reached skill level 10 in Spellcasting
   603 | D        | Reached skill level 10 in Hexes
   718 | D        | Noticed a deep troll
   722 | D        | Killed a deep troll
   722 | D        | Reached skill level 6 in Fighting
   722 | D        | Reached skill level 12 in Dodging
   722 | D        | Reached skill level 11 in Hexes
   722 | D        | Reached XP level 9. HP: 49/49 MP: 24/24
   732 | D        | Found Odeim's Armour Emporium.
   738 | D        | Bought a scarf of cold resistance for 144 gold pieces
   754 | D        | Noticed a centaur warrior
   754 | D        | Noticed a centaur warrior
   756 | D        | Killed a centaur warrior
   756 | D        | Reached skill level 10 in Short Blades
   756 | D        | Reached skill level 13 in Dodging
   756 | D        | Reached skill level 14 in Stealth
   756 | D        | Reached skill level 11 in Spellcasting
   758 | D        | Killed a centaur warrior
   758 | D        | Reached skill level 7 in Fighting
   781 | D        | Reached *** piety under Wu Jian
   781 | D        | Reached skill level 12 in Hexes
   893 | D        | Noticed an oklob plant
   894 | D        | Killed an oklob plant
   894 | D        | Reached skill level 15 in Stealth
   894 | D        | Reached skill level 12 in Spellcasting
   894 | D        | Reached XP level 10. HP: 55/55 MP: 25/27
   905 | D        | Reached **** piety under Wu Jian
   905 | D        | Reached skill level 11 in Short Blades
   905 | D        | Reached skill level 14 in Dodging
   923 | D        | Noticed an unseen horror
   924 | D        | Noticed an unseen horror
   928 | D        | Killed an unseen horror
   929 | D        | Killed an unseen horror
   929 | D        | Reached skill level 8 in Fighting
   954 | D        | Reached ***** piety under Wu Jian
   966 | D        | Reached skill level 16 in Stealth
  1106 | D        | Reached skill level 13 in Hexes
  1123 | D        | Found Abbengoh's Assorted Antiques.
  1123 | D        | Found Ganeest's Assorted Antiques.
  1123 | D        | Found Qewne's Antique Armour Boutique.
  1125 | D        | Found Hikisim's Magic Scroll Emporium.
  1125 | D        | Found Tass's Weapon Shop.
  1125 | D        | Found Lunaxoi's Magic Scroll Shoppe.
  1125 | D        | Found Malap's Antique Weapon Boutique.
  1125 | D        | Found Veluysup's Antique Weapon Emporium.
  1125 | D        | Found Kiojysuf's General Store.
  1125 | D        | Found Xakupom's Armour Shoppe.
  1129 | D        | Found Jiprarui's Book Boutique.
  1130 | D        | Found Pofochan's Antique Armour Emporium.
  1130 | D        | Found Kics's General Store.
  1131 | D        | Found Bylu Puurgh's Magic Scroll Emporium.
  1143 | D        | Bought a shimmering robe for 125 gold pieces
  1151 | D        | Bought a scroll of identify for 24 gold pieces
  1151 | D        | Identified the +0 robe "Toawokk" {rF+ Stlth+} (You bought it in a shop in the Dungeon)
  1165 | D        | Bought a translucent copper ring for 150 gold pieces
  1168 | D        | Bought a scroll of identify for 24 gold pieces
  1168 | D        | Identified the ring "Ogiem" {-Tele rElec rN+++ AC+2} (You bought it in a shop in the Dungeon)
  1294 | D        | Killed a merfolk siren
  1402 | D        | Found Yrphomm's Food Boutique.
  1413 | D        | Noticed a shining eye
  1413 | D        | Noticed a shining eye
  1413 | D        | Noticed a shining eye
  1413 | D        | Noticed a shining eye
  1413 | D        | Noticed a shining eye
  1413 | D        | Noticed a shining eye
  1414 | D        | Noticed a shining eye
  1414 | D        | Noticed a shining eye
  1415 | D        | Reached ****** piety under Wu Jian
  1418 | D        | Killed a shining eye
  1418 | D        | Reached skill level 15 in Dodging
  1418 | D        | Reached skill level 13 in Spellcasting
  1418 | D        | Killed a shining eye
  1418 | D        | Gained mutation: You are weak. (Str -2) [a shining eye]
  1418 | D        | Gained mutation: You tend to lose your temper in combat. [a shining eye]
  1419 | D        | Reached skill level 12 in Short Blades
  1422 | D        | Killed a shining eye
  1422 | D        | Reached XP level 11. HP: 60/60 MP: 27/29
  1424 | D        | Killed a shining eye
  1424 | D        | Gained mutation: Your skin changes colour to match your surroundings (Stealth+). [a shining eye]
  1425 | D        | Gained mutation: Your flesh is heat resistant. (rF+) [a shining eye]
  1429 | D        | Banished a shining eye
  1429 | D        | Reached skill level 9 in Fighting
  1429 | D        | Reached skill level 17 in Stealth
  1431 | D        | Gained mutation: Your magical capacity is low. (-10% MP) [a shining eye]
  1432 | D        | Gained mutation: Potions are less effective at restoring your health. [a shining eye]
  1433 | D        | Banished a shining eye
  1437 | D        | Killed a shining eye
  1440 | D        | Found Gitraz's Food Shop.
  1440 | D        | Found Cehuqeul's Weapon Shoppe.
  1440 | D        | Found Vexod's Assorted Antiques.
  1440 | D        | Found Afoekhly's Assorted Antiques.
  1507 | D        | Bought a book of Party Tricks for 600 gold pieces
  1514 | D        | Learned a level 6 spell: Invisibility
  1516 | D        | Learned a level 1 spell: Apportation
  1520 | D        | Learned a level 3 spell: Lesser Beckoning
  1522 | D        | Learned a level 1 spell: Summon Butterflies
  1574 | D        | Killed a shining eye
  1574 | D        | Reached skill level 1 in Translocations
  1580 | D        | Reached skill level 2 in Translocations
  1581 | D        | Reached skill level 14 in Hexes
  1581 | D        | Reached skill level 16 in Dodging
  1581 | D        | Reached skill level 3 in Translocations
  1597 | D        | Noticed a lindwurm
  1599 | D        | Killed a lindwurm
  1599 | D        | Reached skill level 14 in Spellcasting
  1599 | D        | Reached skill level 4 in Translocations
  1626 | D        | Reached skill level 5 in Translocations
  1777 | D        | Noticed a 12-headed hydra
  1778 | D        | Killed a 12-headed hydra
  1778 | D        | Reached skill level 13 in Short Blades
  1778 | D        | Reached skill level 18 in Stealth
  1787 | D        | Noticed a deep elf annihilator
  1800 | D        | Killed a deep elf master archer
  1825 | D        | Noticed a mummy priest
  1864 | D        | Killed a deep elf annihilator
  1895 | D        | Noticed an oklob plant
  2038 | D        | Reached skill level 6 in Translocations
  2231 | D        | Banished a mummy priest
  2274 | D        | Bought a scroll of identify for 42 gold pieces
  2274 | D        | Bought a glowing fluorescent wand for 84 gold pieces
  2274 | D        | Bought a glowing dagger for 105 gold pieces
  2274 | D        | Bought a scroll labeled XOANILIWKA for 21 gold pieces
  2274 | D        | Bought a potion of heal wounds for 105 gold pieces
  2331 | D        | Bought a scroll of identify for 24 gold pieces
  2331 | D        | Bought a scroll of blinking for 90 gold pieces
  2381 | D        | Reached skill level 10 in Fighting
  2386 | D        | Bought a scroll of identify for 46 gold pieces
  2387 | D        | Lost mutation: You tend to lose your temper in combat. [potion of mutation]
  2387 | D        | Lost mutation: You are weak. (Str -2) [potion of mutation]
  2387 | D        | Lost mutation: Your flesh is heat resistant. (rF+) [potion of mutation]
  2387 | D        | Gained mutation: Your body sometimes deteriorates upon taking damage. [potion of mutation]
  2387 | D        | Gained mutation: You can translocate small distances at will. [potion of mutation]
  2387 | D        | Gained mutation: You are partially covered in molten scales. (AC +2) [potion of mutation]
  2441 | D        | Noticed a daeva
  2444 | D        | Noticed an unseen horror
  2444 | D        | Noticed an unseen horror
  2444 | D        | Noticed an unseen horror
  2444 | D        | Noticed an unseen horror
  2445 | D        | Killed an unseen horror
  2445 | D        | Reached skill level 7 in Translocations
  2445 | D        | Killed an unseen horror
  2445 | D        | Reached skill level 17 in Dodging
  2445 | D        | Noticed an unseen horror
  2447 | D        | Killed an unseen horror
  2447 | D        | Reached XP level 12. HP: 57/67 MP: 28/28
  2448 | D        | Reached skill level 15 in Hexes
  2506 | D        | Noticed a fire giant
  2509 | D        | Noticed a fire giant
  2509 | D        | Noticed a fire giant
  2510 | D        | Noticed a fire giant
  2514 | D        | Killed a fire giant
  2514 | D        | Reached skill level 15 in Spellcasting
  2514 | D        | Reached skill level 8 in Translocations
  2519 | D        | Banished a fire giant
  2519 | D        | Reached skill level 19 in Stealth
  2533 | D        | Noticed Tiamat
  2711 | D        | Bought a book of Minor Magic for 240 gold pieces
  2714 | D        | Learned a level 2 spell: Blink
  2795 | D        | Got the Orb of Zot
  2860 | D        | Escaped with the Orb!

Vault maps used:
D:        dungeon_sprint_1

Skill      XL: |  1  2  3  4  5  6  7  8  9 10 11 12 |
---------------+-------------------------------------+-----
Short Blades   | 2 4 5 7 8 9 10 12 13 | 13.8
Dodging        | 4 6 8 9 11 12 13 15 17 | 17.4
Stealth        | 5 7 9 11 12 13 15 16 18 19 | 19.0
Spellcasting   | 4 5 7 8 9 10 12 13 14 15 | 15.1
Hexes          | 4 6 7 8 9 11 12 13 14 15 | 15.3
Fighting       | 2 4 5 6 7 8 10 | 10.5
Translocations | 7 8 |  8.9

Action                   |  1- 3 |  4- 6 |  7- 9 | 10-12 || total
-------------------------+-------+-------+-------+-------++-------
Melee: Dagger            |    10 |     6 |    10 |   179 ||   205
 Cast: Ensorcelled Hiber |       |    17 |     2 |     2 ||    21
       Confuse           |       |       |       |     2 ||     2
       Dazzling Spray    |       |       |       |     9 ||     9
       Lesser Beckoning  |       |       |       |     3 ||     3
       Invisibility      |       |       |       |     2 ||     2
       Blink             |       |       |       |     2 ||     2
  Use: Potion            |     1 |       |       |     2 ||     3
       Scroll            |       |       |       |     7 ||     7
 Stab: Sleeping          |     1 |     5 |     9 |    39 ||    54
       Distracted        |       |       |       |     2 ||     2
       Invisible         |       |       |       |     1 ||     1
  Eat: Bread ration      |       |       |       |     1 ||     1
Armor: Robe              |     1 |       |       |       ||     1
Dodge: Dodged            |     4 |     7 |     1 |    35 ||    47

Vault maps used:
D:        dungeon_sprint_1

Table legend:
 A = Turns spent in this place as a percentage of turns spent in the entire game.
 B = Non-inter-level travel turns spent in this place as a percentage of non-inter-level travel turns spent in the entire game.
 C = Inter-level travel turns spent in this place as a percentage of turns spent in this place.
 D = Turns resting spent in this place as a percentage of non-inter-level travel turns spent in this place.
 E = Turns spent auto-exploring this place as a percentage of non-inter-level travel turns spent in this place.
 F = Non-inter-level travel turns spent in this place divided by the number of levels of this place that you've seen.
                   A       B       C       D       E      F
               +-------+-------+-------+-------+-------+----------------------
         Total | 100.0 | 100.0 |   1.9 |   5.3 |   0.0 | 1104.0
       Dungeon | 100.0 | 100.0 |   1.9 |   5.3 |   0.0 | 1104.0
               +-------+-------+-------+-------+-------+----------------------

Table legend:
 A = Kills in this place as a percentage of kills in entire the game.
 B = Kills by you in this place as a percentage of kills by you in the entire game.
 C = Kills by friends in this place as a percentage of kills by friends in the entire game.
 D = Other kills in this place as a percentage of other kills in the entire game.
 E = Experience gained in this place as a percentage of experience gained in the entire game.
 F = Experience gained in this place divided by the number of levels of this place that you have seen.
                   A       B       C       D       E      F
               +-------+-------+-------+-------+-------+----------------------
         Total | 100.0 | 100.0 |  -nan | 100.0 | 100.0 | 25650.0
       Dungeon | 100.0 | 100.0 |  -nan | 100.0 | 100.0 | 25650.0
               +-------+-------+-------+-------+-------+----------------------
